 Dungeon Crawl Stone Soup version 0.18-a0-1570-gf60b0ab (webtiles) character file.

2758 Duffy the Blocker (level 10, -8/70 HPs)
             Began as a Formicid Fighter on Mar 14, 2016.
             Was a Follower of Makhleb.
             Killed from afar by a deep elf mage (20 damage)
             ... with a bolt of lightning
             ... on level 7 of the Dungeon.
             The game lasted 00:10:11 (7522 turns).

Duffy the Blocker (Formicid Fighter)                Turns: 7522, Time: 00:10:11

Health: -8/70      AC: 14    Str: 22    XL:     10   Next: 0%
Magic:  19/19      EV:  8    Int:  7    God:    Makhleb [*.....]
Gold:   330        SH: 12    Dex: 15    Spells: 0 memorised, 9 levels left

rFire  . . .     SeeInvis +     a - +0 long sword
rCold  . . .     Gourm    +     w - +0 chain mail (curse)
rNeg   . . .     Faith    .     c - +0 shield
rPois  .         Spirit   .     (helmet unavailable)
rElec  .         Dismiss  .     v - +1 cloak
rCorr  .         Reflect  .     (no gloves)
SustAt .         Harm     .     g - +0 pair of boots
MR     +....                    z - amulet of the gourmand
Stlth  ..........               E - ring of magical power
                                j - +2 ring of dexterity

@: somewhat resistant to hostile enchantments, extremely unstealthy
A: permanent stasis, dig shafts and tunnels, four strong arms, antennae 3
a: Dig, Shaft Self, Renounce Religion


You were on level 7 of the Dungeon.
You worshipped Makhleb.
Makhleb was aware of your devotion.
You were not hungry.

You visited 2 branches of the dungeon, and saw 8 of its levels.
You also visited: Ossuary.

You collected 330 gold pieces.


Innate Abilities, Weirdness & Mutations

You are under a permanent stasis effect.
You can dig through walls and to a lower floor.
Your four strong arms can wield two-handed weapons with a shield.
You have a pair of large antennae on your head (SInv).


   Skills:
 - Level 3.2 Fighting
 + Level 9.4 Long Blades
 + Level 6.8 Armour
 - Level 9.5 Shields


You had 9 spell levels left.
You didn't know any spells.

Inventory:

Hand Weapons
 a - a +0 long sword (weapon)
 x - a +0 blowgun
Missiles
 u - 7 tomahawks (quivered)
 y - 5 poisoned needles
Armour
 b - a +0 scale mail
 c - a +0 shield (worn)
 g - a +0 pair of boots (worn)
 v - a +1 cloak (worn)
 w - a cursed +0 chain mail (worn)
Jewellery
 j - a +2 ring of dexterity (left hand)
 z - an amulet of the gourmand (around neck)
 E - a ring of magical power (right hand)
Wands
 h - a wand of polymorph (14/24)
 o - a wand of random effects (29/48)
 s - a wand of iceblast (9/15)
 F - a wand of lightning (9/15)
 G - a wand of digging (9/24)
 H - a wand of iceblast (10/15)
 Q - a wand of flame (0/48)
Scrolls
 k - 3 scrolls of enchant weapon {unknown}
 m - 4 scrolls of immolation {unknown}
 n - a scroll of enchant armour {unknown}
 p - 5 scrolls of teleportation {unknown}
 q - 3 scrolls of amnesia {unknown}
 D - 2 scrolls of fear {unknown}
 I - 5 scrolls of remove curse {unknown}
 M - 2 scrolls of recharging {unknown}
 N - a scroll of random uselessness {unknown}
 P - a scroll of blinking {unknown}
Potions
 d - 3 potions of might
 e - a potion of heal wounds {unknown}
 i - 2 potions of flight
 l - a potion of cure mutation {unknown}
 r - 4 potions of invisibility
 A - a potion of resistance {unknown}
 B - a potion of cancellation
 J - 2 potions of brilliance
 L - 2 potions of lignification
 O - a potion of magic
Books
 C - a book of Transfigurations
Comestibles
 f - 6 bread rations
 t - 3 meat rations

Dungeon Overview and Level Annotations

Branches:
Dungeon (7/15)             Temple (1/1) D:6

Altars:
Ashenzari
Cheibriados
Dithmenos
Elyvilon
Fedhas
Gozag
Kikubaaqudgha
Makhleb
Nemelex Xobeh
Okawaru
Pakellas
Qazlal
Ru
Sif Muna
Trog
Vehumet
Xom
Zin
The Shining One

Shops:
D:6 }


Message History

The jelly closely misses you.
You hit the jelly. The acid corrodes you!
Your hands burn!
The jelly is moderately wounded.
The jelly hits you but does no damage.
You slash the jelly!
Your hands burn!
The jelly is heavily wounded.
The jelly hits you but does no damage.
You completely miss the jelly.
The jelly is heavily wounded.
You block the jelly's attack.
You hit the jelly.
Your hands burn!
The jelly is severely wounded.
The jelly hits you but does no damage.
You hit the jelly. The acid corrodes you!
Your hands burn!
The jelly is almost dead.
You block the jelly's attack.
You slash the jelly!
You kill the jelly!
Makhleb accepts your kill.
You have reached level 10!
You are no longer corroded.
HP restored.
A deep elf mage comes into view. It is wielding an enchanted long sword.
The deep elf mage shouts!
The deep elf mage gestures at you while chanting.
The bolt of lightning hits you! The deep elf mage casts a spell at you.
The bolt of lightning hits you!
You are too injured to fight recklessly!
You are too injured to fight recklessly!
You slash the deep elf mage!
The deep elf mage is lightly wounded.
The deep elf mage points at you and mumbles some strange words.
The bolt of lightning hits you!
You die...

#................# ##
#.###########.##.# #.
#...........#..#.# ##.
#...........#....# ####..
#.8######'''#.#######....#
#.......'..}#.##..........
##.......'...#.##.#####(#.#
#..........e.#......# #.)..
#..8######@''#..#.#.# ###..
#............#..#.#.#####.#
#............#.##.#.##.....
#..###########.##.#.##.....
#..............##.#.##.....
#.####...###........###.##.
#...................# #.##.
############........# #.###
#.>......# #.#


You could see a deep elf mage.

Action                   |  1- 3 |  4- 6 |  7- 9 | 10-12 || total
-------------------------+-------+-------+-------+-------++-------
Melee: Long sword        |    75 |   160 |   605 |     1 ||   841
 Abil: Dig               |       |     2 |     3 |       ||     5
  Use: Scroll            |       |     6 |     2 |       ||     8
       Potion            |       |       |     3 |       ||     3
  Eat: Chunk             |       |     6 |    16 |       ||    22
       Fruit             |       |       |     2 |       ||     2
       Pizza             |       |       |     1 |       ||     1
       Beef jerky        |       |       |     2 |       ||     2
       Meat ration       |       |       |     1 |       ||     1

Notes
Turn   | Place    | Note
--------------------------------------------------------------
     0 | D:1      | Duffy the Formicid Fighter began the quest for the Orb.
     0 | D:1      | Reached XP level 1. HP: 18/18 MP: 1/1
    91 | D:1      | Reached XP level 2. HP: 22/24 MP: 2/2
    93 | D:1      | Reached skill level 4 in Shields
   269 | D:1      | Reached skill level 3 in Long Blades
   269 | D:1      | Reached XP level 3. HP: 24/29 MP: 3/3
   690 | D:2      | Reached XP level 4. HP: 35/35 MP: 4/4
   758 | D:2      | Found a stormy altar of Qazlal.
  1300 | D:3      | Found an ancient bone altar of Kikubaaqudgha.
  1533 | D:3      | Reached skill level 5 in Shields
  1851 | D:4      | Noticed a phantom
  2121 | D:4      | Noticed an ogre
  2127 | D:4      | Killed an ogre
  2127 | D:4      | Reached skill level 4 in Long Blades
  2127 | D:4      | Reached XP level 5. HP: 19/41 MP: 5/5
  2391 | D:4      | Reached skill level 6 in Shields
  2391 | D:4      | Reached XP level 6. HP: 45/47 MP: 6/6
  2792 | D:5      | Entered Level 5 of the Dungeon
  2845 | D:5      | Reached skill level 5 in Long Blades
  2941 | D:5      | Reached XP level 7. HP: 52/52 MP: 7/7
  3241 | D:5      | Reached skill level 7 in Shields
  3404 | D:5      | Found a deep blue altar of Sif Muna.
  3404 | D:5      | Found a shimmering altar of Xom.
  3571 | D:5      | Reached skill level 6 in Long Blades
  3799 | D:5      | Reached XP level 8. HP: 47/58 MP: 8/8
  3805 | D:5      | Reached skill level 8 in Shields
  4144 | D:6      | Found an opulent altar of Gozag.
  4158 | D:6      | Found Hais's Gadget Boutique.
  4264 | D:6      | Found a sand-covered staircase.
  4275 | D:6      | Reached skill level 7 in Long Blades
  4406 | Ossuary  | Entered an ossuary
  4572 | Ossuary  | Reached skill level 9 in Shields
  4657 | Ossuary  | Noticed Galewind's ghost (amateur SpEn)
  4875 | Ossuary  | Killed Galewind's ghost
  5183 | Ossuary  | Noticed Menkaure
  5196 | Ossuary  | Killed Menkaure
  5196 | Ossuary  | Reached XP level 9. HP: 49/64 MP: 9/9
  5374 | D:6      | Found a shadowy altar of Dithmenos.
  5461 | D:6      | Found a staircase to the Ecumenical Temple.
  5486 | Temple   | Entered the Ecumenical Temple
  5628 | D:6      | Found a radiant altar of Vehumet.
  5628 | D:6      | Found a burning altar of Makhleb.
  5694 | D:6      | Became a worshipper of Makhleb the Destroyer
  6017 | D:7      | Reached skill level 8 in Long Blades
  6017 | D:7      | Reached skill level 4 in Armour
  6237 | D:7      | Reached skill level 5 in Armour
  6805 | D:6      | Reached skill level 9 in Long Blades
  6805 | D:6      | Reached skill level 6 in Armour
  7079 | D:6      | Reached * piety under Makhleb
  7416 | D:7      | Reached XP level 10. HP: 52/70 MP: 10/10
  7518 | D:7      | Noticed a deep elf mage
  7522 | D:7      | Killed from afar by a deep elf mage

Vault maps used:
D:1:      sevenhm_arrival_forest_fort_small_6
D:2:      lemuel_doored_altar, first_bread, minivault_5, minmay_misc_feat_five
D:3:      kiku_gazebo_garden_becter
D:5:      amethyst_overflow_temple_binary, kennysheep_boxes
D:6:      minmay_klotski, grunt_temple_overflow_lords_of_destruction,
          grunt_gozag_statues, minmay_temple_entry_metal_lava, serial_shops,
          shop, enter_ossuary_3, nicolae_dithmenos_through_a_glass_darkly,
          uniq_sigmund
D:7:      hangedman_decor_points, the_bakery, guppyfry_early_elven_hall
Temple:   minmay_crystal_spiral_temple_12
Ossuary:  ossuary_due_pyramid

Vanquished Creatures
  The ghost of Galewind the Sneak, an amateur SpEn of Dithmenos
  A hungry ghost Menkaure
  2 water moccasins
  2 orc warriors
  A necrophage
  2 phantoms
  3 ogres
  A centaur
  A big kobold
  4 giant frogs
  A scorpion
  3 killer bees
  2 howler monkeys
  3 crimson imps
  3 jellies
  An iguana
  7 orc wizards
  6 worker ants
  3 mummies
  A howler monkey skeleton
  5 gnolls
  4 adders
  2 adder skeletons
  3 worms
  2 dart slugs
  3 giant geckos
  12 orcs
  A ball python
  7 giant cockroaches
  7 goblins
  6 hobgoblins
  15 kobolds
  A quokka
  A ball python skeleton
  5 bats
  A giant gecko zombie
  6 giant newts
  2 gnoll skeletons
  2 gnoll zombies
  6 goblin skeletons
  3 goblin zombies
  5 hobgoblin skeletons
  3 hobgoblin zombies
  A jackal zombie
  2 kobold skeletons
  12 kobold zombies
  5 orc skeletons
  3 orc zombies
  6 rats
  5 rat skeletons
  2 rat zombies
187 creatures vanquished.
